 Dungeon Crawl Stone Soup version 0.18-a0-30-g52c0daa (webtiles) character file.

1834 Geeful the Insei (level 8, -1/48 HPs)
             Began as a Demonspawn Wanderer on Nov 4, 2015.
             Slain by an iguana (12 damage)
             ... on level 7 of the Dungeon.
             The game lasted 00:45:41 (9792 turns).

Geeful the Insei (Demonspawn Wanderer)              Turns: 9792, Time: 00:45:41

Health: -1/48      AC:  7    Str: 15    XL:     8   Next: 87%
Magic:  20/20      EV: 13    Int:  8    God:
Gold:   178        SH:  2    Dex: 16    Spells: 1 memorised, 9 levels left

rFire  + . .     SeeInvis .     b - +5 blowgun
rCold  . . .     Clarity  .     z - +0 ring mail of Omou {rPois rF+ MP+9 Dex-3}
rNeg   . . .     SustAt   .     (no shield)
rPois  +         Gourm    .     (helmet restricted)
rElec  .         Spirit   .     (no cloak)
rCorr  .         Warding  .     (no gloves)
rMut   .         Stasis   .     (no boots)
MR     .....                    (no amulet)
Stlth  ++........               B - -3 ring of intelligence (curse)
                                e - ring of stealth

@: not resistant to hostile enchantments, unstealthy
A: hooves 1, horns 1, large bone plates 1, agile 2, frail 2, evolution 1,
MP-powered wands
a: no special abilities


You were on level 7 of the Dungeon.
You were not hungry.

You visited 2 branches of the dungeon, and saw 8 of its levels.

You collected 367 gold pieces.
You spent 189 gold pieces at shops.

Inventory:

Hand Weapons
 b - a +5 blowgun (weapon)
Missiles
 j - 49 poisoned needles (quivered)
 y - 194 stones
Armour
 d - a +0 robe
 h - a +2 shield
 i - the +0 leather armour "Jenof" {-Cast rF+ rC+++ rCorr}
   (You bought it in a shop on level 4 of the Dungeon)

   It protects you from fire.
   It renders you almost immune to cold.
   It prevents spellcasting.
   It protects you from acid and corrosion.
 l - a +0 leather armour
 o - a +0 ring mail
 z - the +0 ring mail of Omou (worn) {rPois rF+ MP+9 Dex-3}
   (You found it on level 5 of the Dungeon)

   It affects your dexterity (-3).
   It protects you from fire.
   It protects you from poison.
   It affects your magic capacity (+9).
Jewellery
 e - a ring of stealth (left hand)
 B - a cursed -3 ring of intelligence (right hand)
Wands
 p - a wand of flame (21)
 q - a wand of invisibility (6)
 u - a wand of disintegration (14)
Scrolls
 c - 3 scrolls of teleportation
 g - 3 scrolls of immolation
 m - a scroll of magic mapping
 n - a scroll of enchant armour {unknown}
 r - 2 scrolls of fog
Potions
 s - a potion of lignification
 x - a potion of curing
 C - a potion of might
Books
 a - a Young Poisoner's Handbook

   Spells                             Type                      Level
   a - Sting                          Conjuration/Poison           1
   b - Cure Poison                    Poison                       2
   c - Mephitic Cloud                 Conjuration/Poison/Air       3
   d - Olgreb's Toxic Radiance        Poison                       4
   e - Venom Bolt                     Conjuration/Poison           5
Comestibles
 f - 3 bread rations
 t - a meat ration


   Skills:
 + Level 4.8 Fighting
   Level 1.7 Short Blades
 - Level 1.0 Throwing
 + Level 3.8 Armour
 + Level 4.4 Dodging
 - Level 1.7 Stealth
 + Level 3.6 Shields
 * Level 6.0 Unarmed Combat
 - Level 2.0 Spellcasting
 - Level 1.0 Poison Magic


You had 9 spell levels left.
You knew the following spells:

 Your Spells              Type           Power        Failure   Level  Hunger
b - Cure Poison           Pois           #.........   69%         2    ###....


Dungeon Overview and Level Annotations

Branches:
Dungeon (7/15)             Temple (1/1) D:6

Altars:
Ashenzari
Dithmenos
Fedhas
Gozag
Kikubaaqudgha
Makhleb
Nemelex Xobeh
Okawaru
Qazlal
Ru
Sif Muna
Trog
Xom
Yredelemnul
Zin
The Shining One

Shops:
D:4 [:!


Innate Abilities, Weirdness & Mutations

You have large cloven feet.
You are partially covered in large bone plates (AC +2, SH +2).
You have a pair of small horns on your head.
You are very agile. (Dex +4)
You are very frail (-20% HP).
You evolve.
You expend magic power (3 MP) to strengthen your wands.


Message History

You are too injured to fight recklessly!
You are too injured to fight recklessly!
b - a +5 blowgun (weapon)
The iguana closely misses you.
Firing (i - inventory. (,) - cycle):
j - 51 poisoned needles (quivered)
Press: ? - help, Shift-Dir - straight line, f - iguana
Aim: an iguana (severely wounded)
You shoot a poisoned needle. The poisoned needle hits the iguana!
The iguana is poisoned.
The iguana is severely wounded.
The iguana bites you!
* * * LOW HITPOINT WARNING * * *
Firing (i - inventory. (,) - cycle):
j - 50 poisoned needles (quivered)
Press: ? - help, Shift-Dir - straight line, f/p - iguana
Aim: an iguana (severely wounded, poisoned)
You shoot a poisoned needle. The poisoned needle hits the iguana!
The iguana looks even sicker.
The iguana is severely wounded.
The iguana bites you!
You die...

#. ....... #.####.....
##........###
##......$....##
#.............#####
#................##
####.#l##.........#
........#l####....#...
#########@# #......#
#...# #......# #.###
#......# #.. ##<...##
#.. ##..## ...# ####
####


You could see 2 iguanas.

Vanquished Creatures
  Eustachio (D:4)
  An orc warrior (D:5)
  A sky beast (D:6)
  2 ice beasts (D:6)
  4 ogres
  A centaur (D:5)
  A big kobold (D:6)
  2 giant frogs (D:6)
  A scorpion (D:5)
  A giant frog zombie (D:6)
  2 giant frog skeletons (D:6)
  Ijyb (D:1)
  A hound (D:5)
  3 orc wizards
  Natasha (thrice) (D:2)
  2 iguanas
  4 worker ants
  A gnoll (D:1)
  8 adders
  2 oozes
  An adder zombie (D:6)
  3 adder skeletons
  A worm (D:3)
  A giant gecko (D:2)
  21 orcs
  10 bats
  5 giant cockroaches
  13 goblins
  8 hobgoblins
  6 jackals
  A giant gecko skeleton (D:4)
  7 giant newts
  A jackal skeleton (D:4)
  17 kobolds
  A quokka (D:3)
  A quokka skeleton (D:6)
  8 rats
147 creatures vanquished.

Notes
Turn   | Place    | Note
--------------------------------------------------------------
     0 | D:1      | Geeful the Demonspawn Wanderer began the quest for the Orb.
     0 | D:1      | Geeful set off with: a Young Poisoner's Handbook, a +0 quarterstaff, a scroll of teleportation, a +0 robe, a +0 dagger, a bread ration
     0 | D:1      | Reached XP level 1. HP: 15/15 MP: 3/3
     4 | D:1      | Learned a level 1 spell: Sting
   209 | D:1      | Gained mutation: You are partially covered in large bone plates (AC +2, SH +2). [demonic ancestry]
   209 | D:1      | Reached XP level 2. HP: 16/21 MP: 1/5
   365 | D:1      | Reached skill level 1 in Unarmed Combat
   692 | D:1      | Gained mutation: You have large cloven feet. [demonic ancestry]
   692 | D:1      | Reached XP level 3. HP: 26/26 MP: 6/6
  1074 | D:1      | Reached skill level 1 in Armour
  1372 | D:2      | Noticed Ijyb
  1702 | D:1      | Learned a level 2 spell: Cure Poison
  2186 | D:1      | Killed Ijyb
  2186 | D:1      | Reached XP level 4. HP: 8/33 MP: 0/7
  2801 | D:2      | Found an opulent altar of Gozag.
  2808 | D:2      | Noticed Natasha
  3040 | D:2      | Killed Natasha
  3556 | D:2      | Noticed Natasha
  3577 | D:2      | Killed Natasha
  3577 | D:2      | Reached XP level 5. HP: 8/39 MP: 3/8
  3868 | D:2      | Noticed Natasha
  3878 | D:2      | Killed Natasha
  5115 | D:4      | Noticed Eustachio
  5143 | D:4      | Reached skill level 3 in Fighting
  5167 | D:4      | Killed Eustachio
  5167 | D:4      | Reached skill level 1 in Shields
  5167 | D:4      | Reached XP level 6. HP: 20/47 MP: 9/9
  5638 | D:4      | Found Liucwuah's Antique Armour Emporium.
  5679 | D:4      | Found Dint's Book Boutique.
  5940 | D:4      | Gained mutation: You are frail (-10% HP). [potion of mutation]
  5940 | D:4      | Gained mutation: You have a pair of small horns on your head. [potion of mutation]
  5940 | D:4      | Gained mutation: You are agile. (Dex +2) [potion of mutation]
  6268 | D:4      | Bought a spiked leather armour for 189 gold pieces
  6280 | D:4      | Identified the cursed +0 leather armour "Jenof" {-Cast rF+ rC+++ rCorr} (You bought it in a shop on level 4 of the Dungeon)
  6321 | D:4      | Reached XP level 7. HP: 30/46 MP: 6/10
  6614 | D:4      | Found a sparkling altar of Nemelex Xobeh.
  6622 | D:4      | Found Nasoh's Distillery.
  6727 | D:4      | Found an ancient bone altar of Kikubaaqudgha.
  6727 | D:4      | Found a shattered altar of Ashenzari.
  6759 | D:5      | Entered Level 5 of the Dungeon
  7325 | D:5      | Reached skill level 4 in Unarmed Combat
  7358 | D:5      | Got a faintly humming ring mail
  7369 | D:5      | Identified the cursed +0 ring mail of Omou {rPois rF+ MP+9 Dex-3} (You found it on level 5 of the Dungeon)
  8598 | D:6      | Reached XP level 8. HP: 50/54 MP: 11/11
  8710 | D:6      | Reached skill level 5 in Unarmed Combat
  8971 | D:6      | Found a staircase to the Ecumenical Temple.
  8996 | Temple   | Entered the Ecumenical Temple
  9153 | D:6      | Gained mutation: You are very agile. (Dex +4) [mutagenic meat]
  9155 | D:6      | Gained mutation: You evolve. [mutagenic meat]
  9156 | D:6      | Gained mutation: You expend magic power (3 MP) to strengthen your wands. [mutagenic meat]
  9311 | D:6      | Gained mutation: You are very frail (-20% HP). [evolution]
  9529 | D:6      | Reached skill level 6 in Unarmed Combat
  9562 | D:6      | Found a shimmering altar of Xom.
  9569 | D:6      | Found an iron altar of Okawaru.
  9569 | D:6      | Found a basalt altar of Yredelemnul.
  9570 | D:6      | Found a blossoming altar of Fedhas.
  9573 | D:6      | Found a bloodstained altar of Trog.
  9792 | D:7      | Slain by an iguana

Vault maps used:
D:1:      roderic_dead_forest, minmay_misc_feat_nine_boxes, minmay_misc_feat_chi
D:2:      nicolae_overflow_crystal_walls, uniq_iyjb, uniq_natasha
D:4:      gammafunk_temple_overflow_wave, kennysheep_mini_moat, serial_shops,
          shop, shop, kennysheep_mini, uniq_eustachio
D:5:      first_bread
D:6:      minitemple, minmay_temple_entry_glassed_door
D:7:      nicolae_overflow_hidden_temple, grunt_ogre_cave
Temple:   temple_island_7

Action                   |  1- 3 |  4- 6 |  7- 9 || total
-------------------------+-------+-------+-------++-------
Melee: Unarmed           |   158 |   316 |   281 ||   755
 Fire: Blowgun           |       |       |    45 ||    45
Throw: Stone             |       |    10 |       ||    10
 Cast: Sting             |    42 |    53 |       ||    95
       Cure Poison       |       |     1 |     1 ||     2
Evoke: Wand              |       |     8 |     6 ||    14
  Use: Potion            |     2 |     3 |       ||     5
       Scroll            |     1 |    11 |    13 ||    25
 Stab: Sleeping          |     2 |     2 |     4 ||     8
       Distracted        |       |       |     1 ||     1
  Eat: Chunk             |     5 |    15 |     7 ||    27
       Pizza             |       |     1 |       ||     1
       Meat ration       |       |       |     1 ||     1
       Bread ration      |       |       |     1 ||     1
